 Dungeon Crawl Stone Soup version 0.19.1-1-g22dce08 (webtiles) character file.

172 Gorglomux the Skirmisher (level 5, 0/34 HPs)
             Began as a Gargoyle Fighter on Dec 31, 2016.
             Was an Initiate of Ashenzari.
             Slain by Sigmund
             ... wielding a +0 scythe
              (3 damage)
             ... on level 3 of the Dungeon.
             The game lasted 00:05:24 (2751 turns).

Gorglomux the Skirmisher (Gargoyle Fighter)         Turns: 2751, Time: 00:05:24

Health: 0/34       AC: 10    Str: 21    XL:     5   Next: 52%
Magic:  5/5        EV:  7    Int:  8    God:    Ashenzari [......]
Gold:   32         SH:  9    Dex:  9    Spells: 0 memorised, 4 levels left

rFire  . . .     SeeInvis .     a - +0 flail
rCold  . . .     Gourm    .     b - +0 scale mail
rNeg   + . .     Faith    .     c - +0 shield
rPois  ∞         Spirit   .     (no helmet)
rElec  +         Reflect  .     (no cloak)
rCorr  .         Harm     .     (no gloves)
MR     .....                    (no boots)
Stlth  ..........               (no amulet)
                                (no ring)
                                (no ring)

@: no status effects
A: negative energy resistance 1, electricity resistance, unbreathing,
petrification resistance, rot immunity, AC +4
a: Curse Item, Renounce Religion


You were on level 3 of the Dungeon.
You worshipped Ashenzari.
Ashenzari was noncommittal.
You were not hungry.

You visited 1 branch of the dungeon, and saw 3 of its levels.

You collected 32 gold pieces.

Inventory:

Hand Weapons
 a - a +0 flail (weapon)
Armour
 b - a +0 scale mail (worn)
 c - a +0 shield (worn)
Scrolls
 e - 3 scrolls of identify {unknown}
 j - 2 scrolls of enchant armour {unknown}
 o - 2 scrolls of enchant weapon {unknown}
 s - a scroll of noise {unknown}
 u - a scroll of remove curse
 v - a scroll of teleportation {unknown}
Potions
 d - a potion of might
 i - a potion of lignification {unknown}
 k - a potion of heal wounds {unknown}
 m - a potion of degeneration {unknown}
 n - a potion of brilliance {unknown}
 p - a potion of haste {unknown}
 q - a potion of curing {unknown}
 r - a potion of agility {unknown}
 t - a potion of magic {unknown}
Comestibles
 f - 4 bread rations
 g - 4 chunks of flesh
 h - a beef jerky
 l - a fruit


   Skills:
 + Level 4.6 Fighting
 * Level 4.6 Maces & Flails
 - Level 3.2 Armour
 - Level 3.2 Shields


You had 4 spell levels left.
You didn't know any spells.

Dungeon Overview and Level Annotations

Branches:
Dungeon (3/15)

Altars:
Ashenzari

Annotations:
D:3 Gorglomux's ghost, amateur GrFi; Sigmund


Innate Abilities, Weirdness & Mutations

You are resistant to torment.
Your stone body is resilient. (AC +4)
You are immune to poison.
You resist negative energy. (rN+)
You are resistant to electric shocks. (rElec)
You can survive without breathing.
You are immune to petrification.
You are immune to rotting.


Message History

No target in view!
You barely miss something. Something hits you.
You miss something. Something hits you.
You barely miss something. Something hits you but does no damage.
You closely miss something. Something hits you but does no damage.
You miss something. You closely miss something.
You hear some strange, mumbled words.
A puff of flame appears from out of thin air!
The puff of flame hits you!
You hear some strange, mumbled words.
A puff of flame appears from out of thin air!
The puff of flame hits you!
* * * LOW HITPOINT WARNING * * *
You completely miss something. Something hits you but does no damage.
You closely miss something. Something hits you!
* * * LOW HITPOINT WARNING * * *
Your shield prevents you from hitting something.
Something hits you.
You die...

# ##...##.##.###..######## #
#..#....##..)...# #
#....######.)##.# ####.#..#
#..###.#
##......#####..##..#
).((##........$##.########
....##..#......##....#...##
....# #.#>......#.........##
..#.###.#.....#.@{.....!...#
.##........................#
.###.##.#.....#............#
## #..........#.#...$.....##
# ###......###.#........## #
#..##......####..####
##.#####...####.## #.####
#....#..# ##....# ###....##


There were no monsters in sight!

Vanquished Creatures
  Ijyb (D:3)
  Terence (D:2)
  3 adders (D:2)
  A worm (D:2)
  2 dart slugs
  4 leopard geckos
  5 orcs (D:3)
  6 giant cockroaches
  11 goblins
  6 hobgoblins
  8 jackals (D:1)
  A quokka (D:2)
  7 bats
  3 frilled lizards
  9 kobolds
  10 rats
78 creatures vanquished.

Vanquished Creatures (others)
  5 toadstools (D:1)
5 creatures vanquished.

Grand Total: 83 creatures vanquished

Notes
Turn   | Place    | Note
-------+----------+-------------------------------------------
     0 | D:1      | Gorglomux the Gargoyle Fighter began the quest for the Orb.
     0 | D:1      | Reached XP level 1. HP: 14/14 MP: 1/1
    94 | D:1      | Reached XP level 2. HP: 19/19 MP: 2/2
   413 | D:1      | Reached XP level 3. HP: 23/23 MP: 3/3
   995 | D:2      | Reached XP level 4. HP: 28/29 MP: 4/4
  1059 | D:2      | Found a shattered altar of Ashenzari.
  1060 | D:2      | Noticed Terence
  1076 | D:2      | Became a worshipper of Ashenzari the Shackled
  1105 | D:2      | HP: 1/29 [Terence/trident of venom (1)]
  1109 | D:2      | Killed Terence
  1764 | D:3      | Reached XP level 5. HP: 34/34 MP: 5/5
  1779 | D:3      | Noticed Ijyb
  1793 | D:3      | Killed Ijyb
  1810 | D:3      | Noticed Gorglomux's ghost (amateur GrFi)
  1827 | D:3      | HP: 1/34 [Gorglomux's ghost (7)]
  2314 | D:3      | Noticed Sigmund
  2751 | D:3      | Slain by Sigmund

Skill      XL: |  1  2  3  4 |
---------------+-------------+-----
Maces & Flails | 3 4 |  4.6
Fighting       | 4 |  4.6
Armour         | |  3.2
Shields        | |  3.2

Action                   |  1- 3 |  4- 6 || total
-------------------------+-------+-------++-------
Melee: Flail             |   130 |   222 ||   352
  Eat: Chunk             |     1 |     6 ||     7
Armor: Scale mail        |    87 |   115 ||   202
Dodge: Dodged            |    51 |    64 ||   115
Block: Shield            |    74 |   119 ||   193
